 Dungeon Crawl Stone Soup version 0.30-a0-596-g0af90f9a20 (webtiles) character file.

Game seed: 11572025823140178563

81 wormed the Nimble (level 4, 0/32 HPs)
             Began as a Gnoll Wanderer on Jan 7, 2023.
             Slain by a gnoll
             ... wielding a +0 spear
              (8 damage)
             ... on level 2 of the Dungeon.
             The game lasted 00:03:25 (1579 turns).

wormed the Nimble (Gnoll Wanderer)                  Turns: 1579, Time: 00:03:26

Health: 0/32       AC:  5    Str: 13 (15) XL:     4   Next: 42%
Magic:  5/5        EV: 15    Int:  9 (10) God:
Gold:   80         SH:  0    Dex: 10 (11) Spells: 5/5 levels left

rFire   . . .      SeeInvis .    j - staff of conjuration
rCold   . . .      Faith    .    (no shield)
rNeg    . . .      Spirit   .    b - +2 leather armour
rPois   .          Reflect  .    (no helmet)
rElec   .          Harm     .    (no cloak)
rCorr   .          Rampage  .    (no gloves)
Will    .....                    (no boots)
Stlth   ++                       (no amulet)
HPRegen 0.25/turn                l - ring of wizardry
MPRegen 0.09/turn                (no ring)

@: no status effects
A: fangs 1, strong nose, distributed training
a: no special abilities


You were on level 2 of the Dungeon.
You visited 1 branch of the dungeon, and saw 2 of its levels.

You collected 80 gold pieces.

Inventory:

Hand Weapons
 a - a +0 hand axe
Armour
 b - a +2 leather armour (worn)
Magical Staves
 j - a staff of conjuration (weapon)
Jewellery
 f - a ring of ice
 l - a ring of wizardry (left hand)
Scrolls
 h - a scroll of immolation
 k - a scroll of teleportation
Potions
 c - a potion of brilliance {unknown}
 d - a potion of mutation {unknown}
 e - a potion of attraction


   Skills:
 + Level 1.2 Fighting
 + Level 1.2 Short Blades
 + Level 1.2 Long Blades
 + Level 4.6 Axes
 + Level 1.2 Maces & Flails
 + Level 1.2 Polearms
 + Level 1.2 Staves
 + Level 1.2 Ranged Weapons
 + Level 4.6 Throwing
 + Level 1.2 Armour
 + Level 10.5 Dodging
 + Level 2.6 Stealth
 + Level 1.2 Shields
 + Level 1.2 Unarmed Combat
 + Level 1.2 Spellcasting
 + Level 1.0 Conjurations
 + Level 1.0 Hexes
 + Level 1.0 Summonings
 + Level 1.0 Necromancy
 + Level 1.0 Translocations
 + Level 1.0 Transmutations
 + Level 1.0 Fire Magic
 + Level 1.0 Ice Magic
 + Level 1.0 Air Magic
 + Level 1.0 Earth Magic
 + Level 1.0 Poison Magic
 + Level 1.3 Invocations
 + Level 1.2 Evocations


You had 5 spell levels left.
You didn't know any spells.
Your spell library contained the following spells:

 Spells                   Type           Power      Damage    Failure   Level
 Blink                    Tloc           4%         N/A       19%         2
 Momentum Strike          Conj/Tloc      6%         3d8       19%         2
 Ignite Poison            Fire/Tmut/Pois 2%         N/A       34%         3
 Kindle Blastsparks       Fire/Tloc/Air  4%         2d10      34%         3
 Lesser Beckoning         Tloc           4%         N/A       34%         3
 Freezing Cloud           Conj/Ice/Air   1%         6-21      96%         5


Dungeon Overview and Level Annotations

Branches:
Dungeon (2/15)

Altars:


Innate Abilities, Weirdness & Mutations

You have very sharp teeth.
Your uncanny sense of smell can sniff out nearby items.
Your experience applies equally to all skills.


Message History

The adder barely misses you. The gnoll hits you with a +0 whip.
You barely miss the gnoll. Your bite misses the gnoll.
The gnoll is lightly wounded.
The adder completely misses you. The gnoll closely misses you.
The adder misses you. The adder attacks as you move away! The adder misses you.
A gnoll comes into view. It is wielding a +0 spear.
The adder bites you but does no damage.
You open the door. The adder bites you but does no damage.
The gnoll misses you. The adder completely misses you.
There is an open door here.
You closely miss the gnoll. The gnoll hits you with a +0 whip.
You hit the gnoll.
The gnoll is moderately wounded.
The gnoll closely misses you.
You hit the gnoll.
The gnoll is severely wounded.
The gnoll closely misses you.
You hit the gnoll but do no damage.
The gnoll is severely wounded.
The adder closely misses you. The gnoll closely misses you.
The adder bites you but does no damage.
You hit the gnoll.
The gnoll is almost dead.
The adder bites you but does no damage. The gnoll hits you with a +0 whip!
You barely miss the gnoll.
The gnoll is almost dead.
The adder bites you. The gnoll hits you with a +0 whip.
* * * LOW HITPOINT WARNING * * *
The adder completely misses you.
It was a potion of degeneration.
There was something very wrong with that liquid.
You feel weakened.
You feel dopey.
You feel clumsy.
The gnoll hits you from afar with a +0 spear.
* * * LOW HITPOINT WARNING * * *
The gnoll closely misses you. The adder bites you but does no damage.
It was a potion of curing.
You feel better. The adder bites you but does no damage.
The gnoll hits you from afar with a +0 spear!
You die...

##########
............# #####
...........#######....
..........'..........
..........#######....
#..........# #....
#..........#####....
#..........#........
#..@g......#........
#####S##....#.......#
#....gg.#####.......#
#.###.#....##........
...#.##.##########
#.###.. # ##.... ...
...# #..... ### ###.#
#..... .. #.....


You could see 3 gnolls and an adder.

Vanquished Creatures
  Robin (D:2)
  An adder (D:2)
  2 dart slugs
  5 orcs (D:2)
  4 bats (D:1)
  5 endoplasms
  A giant cockroach (D:1)
  8 hobgoblins
  2 kobolds
  4 ball pythons
  2 frilled lizards (D:1)
  11 goblins
  A rat (D:2)
47 creatures vanquished.

Notes
Turn   | Place    | Note
-------+----------+-------------------------------------------
     0 | D:1      | Reached skill level 10 in Dodging
     0 | D:1      | wormed the Gnoll Wanderer began the quest for the Orb.
     0 | D:1      | wormed set off with the following items: a +0 hand axe, a
                  | +2 leather armour, 7 boomerangs, a +0 dagger, a potion of
                  | attraction.
     0 | D:1      | Reached XP level 1. HP: 13/13 MP: 1/1
   299 | D:1      | Reached XP level 2. HP: 19/19 MP: 2/2
   760 | D:1      | Reached XP level 3. HP: 25/25 MP: 3/3
   877 | D:2      | Noticed Robin
   905 | D:2      | Reached skill level 1 in Invocations
   999 | D:2      | Killed Robin
  1000 | D:2      | Reached skill level 1 in Fighting
  1000 | D:2      | Reached skill level 1 in Short Blades
  1000 | D:2      | Reached skill level 1 in Long Blades
  1000 | D:2      | Reached skill level 1 in Maces & Flails
  1000 | D:2      | Reached skill level 1 in Polearms
  1000 | D:2      | Reached skill level 1 in Staves
  1000 | D:2      | Reached skill level 1 in Ranged Weapons
  1000 | D:2      | Reached skill level 1 in Armour
  1000 | D:2      | Reached skill level 1 in Shields
  1000 | D:2      | Reached skill level 1 in Unarmed Combat
  1000 | D:2      | Reached skill level 1 in Spellcasting
  1000 | D:2      | Reached skill level 1 in Evocations
  1048 | D:2      | Reached XP level 4. HP: 12/32 MP: 5/5
  1233 | D:2      | Reached skill level 1 in Conjurations
  1233 | D:2      | Reached skill level 1 in Hexes
  1233 | D:2      | Reached skill level 1 in Summonings
  1233 | D:2      | Reached skill level 1 in Necromancy
  1233 | D:2      | Reached skill level 1 in Translocations
  1233 | D:2      | Reached skill level 1 in Transmutations
  1233 | D:2      | Reached skill level 1 in Fire Magic
  1233 | D:2      | Reached skill level 1 in Ice Magic
  1233 | D:2      | Reached skill level 1 in Air Magic
  1233 | D:2      | Reached skill level 1 in Earth Magic
  1233 | D:2      | Reached skill level 1 in Poison Magic
  1294 | D:2      | Found a faded altar of an unknown god.
  1579 | D:2      | Slain by a gnoll

Illustrated notes

Levels and vault maps discovered:
D:1:      dpeg_arrival_pond, layout_basic
D:2:      layout_basic, hellmonk_ecumenical_altar_defaced_shrine, uniq_robin

Skill      XL: |  1  2  3  4 |
---------------+-------------+-----
Dodging        | | 10.5
Invocations    | 1 |  1.3
Fighting       | 1 |  1.2
Short Blades   | 1 |  1.2
Long Blades    | 1 |  1.2
Maces & Flails | 1 |  1.2
Polearms       | 1 |  1.2
Staves         | 1 |  1.2
Ranged Weapons | 1 |  1.2
Armour         | 1 |  1.2
Shields        | 1 |  1.2
Unarmed Combat | 1 |  1.2
Spellcasting   | 1 |  1.2
Evocations     | 1 |  1.2
Conjurations   | 1 |  1.0
Hexes          | 1 |  1.0
Summonings     | 1 |  1.0
Necromancy     | 1 |  1.0
Translocations | 1 |  1.0
Transmutations | 1 |  1.0
Fire Magic     | 1 |  1.0
Ice Magic      | 1 |  1.0
Air Magic      | 1 |  1.0
Earth Magic    | 1 |  1.0
Poison Magic   | 1 |  1.0
Axes           | |  4.6
Throwing       | |  4.6
Stealth        | |  2.6

Action                   |  1- 3 |  4- 6 || total
-------------------------+-------+-------++-------
Melee: Hand axe          |   159 |    28 ||   187
       Bite              |     8 |     2 ||    10
       Punch             |     3 |       ||     3
       Staff             |       |    11 ||    11
  Use: Scroll            |     2 |       ||     2
       Potion            |     1 |     2 ||     3
 Stab: Sleeping          |     6 |     1 ||     7
Armor: Leather armour    |    41 |    13 ||    54
Dodge: Dodged            |   109 |    41 ||   150

Table legend: (Time is in decaauts)
 A = Elapsed time spent in this place.
 B = Non-inter-level travel time spent in this place.
 C = Inter-level travel time spent in this place.
 D = Time resting spent in this place.
 E = Time spent auto-exploring this place.
 F = Levels seen in this place.
 G = Mean time per level.
                   A        B        C        D        E       F      G
               +--------+--------+--------+--------+--------+-----+--------+
         Total |   1607 |   1602 |      5 |     50 |   1124 |   2 |  803.5 |
       Dungeon |   1607 |   1602 |      5 |     50 |   1124 |   2 |  803.5 |
               +--------+--------+--------+--------+--------+-----+--------+

Top non-repeatable levels by time:
     D:1: 867 daAuts
     D:2: 740 daAuts
